Map: Dusty Gorge

Players

SHIVERED - Winner!

  • Race: Terran Terran
  • Spawn Location: 5:00

PureLegacy - Winner!

  • Race: Terran Terran
  • League: Master
  • Spawn Location: 3:00

Rjv

  • Race: Terran Terran
  • Spawn Location: 9:00

Cantstopme

  • Race: Zerg Zerg
  • Spawn Location: 11:00

VOD

Have the link to the VOD?

Description

Time

  • Played on: Dec. 2, 2018, 4:09 p.m.
  • Length: 9:54
Show
View Real Time Build Order
Export as new Build Order

SHIVERED Terran - Winner!

Build Orders: Mech 

Get SALT Encoding   

  12  0:01  SCV  
  13  0:13  SCV  
  14  0:18  Supply Depot  
  14  0:25  SCV  
  15  0:29  Refinery  
  15  0:40  SCV  
  16  0:45  Barracks  
  16  0:52  SCV  
  17  1:04  SCV  
  18  1:16  SCV  
  19  1:28  SCV  
  20  1:33  Reaper  
  21  1:41  Orbital Command  
  21  1:49  Command Center  
  21  2:00  Factory  
  21  2:06  SCV  
  22  2:17  Supply Depot  
  22  2:18  SCV  
  23  2:24  Refinery  
  23  2:39  SCV  
  24  2:47  Widow Mine  
  24  2:48  Starport  
  26  2:51  SCV  
  27  3:03  SCV  
  28  3:08  Orbital Command  
  28  3:11  Widow Mine  
  30  3:14  Barracks Tech Lab  
  30  3:15  SCV  
  31  3:21  Factory  
  31  3:22  Refinery  
  31  3:24  Refinery  
  31  3:27  SCV  
  31  3:31  Medivac  
  34  3:35  Widow Mine  
  34  3:36  SCV  
  34  3:39  SCV  
  38  3:48  SCV  
  38  3:52  SCV  
  40  3:58  Factory Reactor  
  40  4:00  SCV  
  40  4:04  SCV  
  40  4:09  Viking  
  43  4:12  Command Center  
  43  4:15  Supply Depot  
  43  4:16  SCV  
  44  4:19  SCV  
  44  4:23  Supply Depot  
  45  4:33  SCV  
  45  4:37  Siege Tank  
  49  4:40  SCV  
  50  4:46  Hellion x2  
  52  4:54  SCV  
  53  5:08  Hellion x2  
  53  5:09  Siege Tank  
  56  5:19  SCV x2  
  56  5:24  Armory  
  56  5:26  Supply Depot  
  56  5:28  Supply Depot  
  56  5:29  Hellion  
  56  5:31  Orbital Command  
  58  5:36  Starport Reactor  
  58  5:37  SCV x2  
  58  5:41  Siege Tank  
  63  5:47  Hellion  
  63  5:49  SCV x2  
  67  6:01  SCV  
  68  6:04  SCV x2  
  68  6:10  Supply Depot  
  70  6:11  Orbital Command  
  70  6:12  Supply Depot  
  70  6:13  SCV  
  70  6:14  Hellion x2  
  70  6:16  Viking x2  
  79  6:18  Terran Vehicle Weapons Level 1  
  79  6:23  Factory  
  80  6:25  SCV x2  
  80  6:26  Siege Tank  
  84  6:37  SCV  
  84  6:38  SCV  
  86  6:46  Hellion x2  
  90  6:51  SCV x3  
  90  6:52  Factory  
  93  6:54  Factory  
  93  6:55  Refinery  
  93  6:59  Refinery  
  93  7:03  SCV  
  93  7:06  SCV x2  
  93  7:07  Hellion, Siege Tank  
  93  7:08  Hellion  
  103  7:15  Factory Tech Lab, SCV  
  104  7:16  Viking x2  
  104  7:18  SCV  
  109  7:26  SCV  
  104  7:34  Hellion x2  
  108  7:38  SCV  
  108  7:44  Supply Depot  
  109  7:45  Supply Depot  
  109  7:47  Supply Depot, SCV  
  108  7:51  Factory Tech Lab  
  108  7:52  Factory Reactor  
  108  7:55  SCV  
  108  7:58  Viking x2, Siege Tank  
  116  8:00  SCV  
  116  8:05  Hellion x2, SCV  
  122  8:07  Hellion  
  122  8:12  SCV x2  
  126  8:13  Armory  
  126  8:14  Supply Depot  
  126  8:16  Supply Depot  
  126  8:17  Supply Depot  
  126  8:22  SCV  
  126  8:24  SCV x2  
  126  8:26  Siege Tank  
  132  8:31  Siege Tank x2  
  132  8:32  Hellion  
  140  8:36  Viking, Hellion x3  
  144  8:53  Viking  
  144  8:58  SCV x2  
  142  9:06  Viking  
  134  9:10  Siege Tank x2  
  134  9:11  Siege Tank  
  134  9:12  Hellion x2  
  142  9:17  Hellion x2  
  142  9:23  Viking  
  150  9:39  Fusion Core, SCV  
  150  9:40  SCV, Starport  
  150  9:42  Supply Depot  
  152  9:47  Command Center  
  152  9:50  Command Center  
Show
View Real Time Build Order
Export as new Build Order

PureLegacy Terran - Winner!

Build Orders: Gas First Reaper Expand, Hellion Opening, Mech 

Get SALT Encoding   

  12  0:00  SCV  
  13  0:13  SCV  
  14  0:18  Supply Depot  
  14  0:25  SCV  
  15  0:31  Refinery  
  15  0:39  SCV  
  16  0:46  Barracks  
  16  0:51  SCV  
  17  1:04  SCV  
  18  1:16  SCV  
  19  1:33  Reaper  
  19  1:34  Orbital Command  
  20  1:47  Command Center  
  20  1:57  Factory  
  21  2:01  SCV  
  21  2:08  Barracks Reactor  
  21  2:14  Supply Depot, SCV  
  22  2:26  SCV  
  23  2:38  SCV  
  24  2:48  Factory  
  24  2:50  SCV  
  29  3:00  Hellion x2  
  29  3:10  Barracks Tech Lab  
  29  3:12  Orbital Command  
  28  3:13  SCV  
  29  3:21  Hellion x2  
  33  3:27  SCV  
  33  3:33  Command Center  
  34  3:37  SCV  
  34  3:39  SCV  
  36  3:46  Hellion x2  
  40  3:51  Supply Depot  
  40  3:52  SCV  
  40  3:53  SCV  
  44  3:56  Hellion  
  44  4:04  Factory  
  44  4:06  SCV x2  
  44  4:22  Hellion x3  
  44  4:24  SCV x2  
  46  4:26  Refinery  
  46  4:27  Refinery  
  46  4:29  Refinery  
  46  4:32  Infernal Pre-Igniter  
  46  4:36  SCV  
  47  4:40  SCV  
  48  4:45  Orbital Command  
  48  4:48  SCV  
  48  4:52  SCV  
  50  4:53  Factory Tech Lab  
  50  5:00  SCV  
  50  5:02  Starport  
  50  5:04  SCV  
  52  5:10  Hellion x2  
  52  5:12  SCV  
  57  5:14  SCV  
  57  5:16  SCV  
  57  5:18  Siege Tank  
  62  5:34  Hellion x2, Orbital Command  
  62  5:35  SCV, Siege Tank  
  68  5:36  SCV  
  68  5:40  Starport Reactor, Supply Depot  
  69  5:45  Engineering Bay  
  69  5:52  SCV x2  
  67  5:57  Hellion  
  67  6:01  Supply Depot  
  67  6:02  SCV, Siege Tank  
  67  6:03  Supply Depot  
  75  6:07  SCV x2  
  77  6:13  Armory x2  
  77  6:19  Supply Depot  
  77  6:21  SCV  
  77  6:23  SCV, Siege Tank  
  77  6:24  Viking  
  82  6:25  Viking  
  82  6:29  SCV  
  79  6:36  Hellion x3  
  83  6:42  SCV x3  
  83  6:46  Refinery x2  
  86  6:49  Supply Depot  
  86  6:54  SCV x3  
  86  6:56  Sensor Tower  
  86  6:59  Viking  
  86  7:00  Viking  
  93  7:03  Hellion x3  
  93  7:06  SCV  
  100  7:09  Terran Vehicle Weapons Level 1, Terran Vehicle And Ship Armor Level 1  
  100  7:10  SCV x2  
  98  7:16  Hellion x4  
  98  7:18  SCV  
  98  7:21  Supply Depot x2  
  98  7:22  SCV  
  106  7:23  SCV  
  106  7:26  Liberator x2  
  107  7:30  SCV  
  107  7:31  Factory  
  107  7:32  Factory  
  107  7:33  Smart Servos  
  107  7:34  SCV  
  115  7:45  Hellion x2  
  119  7:52  Supply Depot x3  
  119  8:00  Supply Depot, Siege Tank  
  119  8:01  Factory  
  122  8:10  Hellion  
  124  8:14  Hellion x2  
  128  8:22  Factory Reactor, Factory Tech Lab  
  128  8:24  Supply Depot  
  128  8:32  Siege Tank  
  128  8:34  Command Center  
  131  8:43  Siege Tank x2  
  131  8:44  Hellion  
  131  8:45  Hellion  
  135  8:55  Factory Tech Lab  
  123  9:04  Siege Tank  
  123  9:05  Hellion x2  
  123  9:09  Supply Depot x2  
  130  9:12  Hellion x2  
  130  9:15  Siege Tank  
  130  9:16  Siege Tank  
  140  9:20  Hellion  
Show
View Real Time Build Order
Export as new Build Order

Rjv Terran 

Build Orders: Reaper Expand 

Get SALT Encoding   

  12  0:00  SCV  
  13  0:12  SCV  
  14  0:18  Supply Depot  
  14  0:25  SCV  
  15  0:40  SCV  
  15  0:41  Barracks  
  16  0:45  Refinery  
  16  0:52  SCV  
  17  1:04  SCV  
  18  1:16  SCV  
  19  1:28  Orbital Command  
  19  1:29  Reaper  
  20  1:42  Command Center  
  20  1:48  Refinery  
  21  1:54  SCV  
  21  2:01  Reaper  
  21  2:03  Supply Depot  
  21  2:06  SCV  
  23  2:19  Factory  
  23  2:25  SCV  
  24  2:36  Barracks Reactor  
  23  2:37  SCV  
  22  2:49  SCV  
  21  3:01  SCV  
  21  3:04  SCV  
  22  3:15  SCV  
  22  3:16  Orbital Command  
  22  3:17  Marine x2  
  25  3:27  SCV  
  26  3:36  Marine x2  
  26  3:39  SCV  
  29  3:41  SCV  
  29  3:47  Starport  
  29  3:48  Factory Tech Lab  
  30  3:51  SCV  
  30  3:53  SCV  
  32  4:02  Marine x2  
  33  4:03  SCV  
  33  4:06  SCV  
  36  4:14  Siege Tank  
  36  4:15  SCV  
  40  4:18  SCV  
  40  4:20  Supply Depot  
  40  4:23  Marine x2  
  43  4:24  Viking  
  43  4:28  SCV  
  46  4:36  Supply Depot  
  46  4:38  Supply Depot  
  46  4:41  SCV x2  
  46  4:44  Barracks  
  48  4:53  SCV  
  48  4:55  SCV  
  48  4:56  Barracks  
  50  5:02  Supply Depot, Raven  
  50  5:05  SCV  
  50  5:06  Factory Tech Lab, Marine x2  
  55  5:08  SCV  
  56  5:17  SCV  
  56  5:20  SCV  
  57  5:51  SCV x2  
  57  5:52  Combat Shield  
  57  5:53  Marine x4, Stimpack  
  57  5:55  Factory Reactor  
  63  6:01  Medivac  
  63  6:03  SCV x2  
  67  6:05  Supply Depot  
  67  6:07  Supply Depot  
  67  6:08  Engineering Bay  
  67  6:09  Command Center  
  67  6:11  Marine x4  
  68  6:15  SCV x2  
  73  6:19  Refinery x2  
  73  6:27  SCV x2  
  73  6:29  Marine x2, Marauder  
  73  6:30  Marauder  
  78  6:41  SCV x2  
  78  6:42  Terran Infantry Weapons Level 1  
  80  6:49  Barracks x2  
  80  6:53  Supply Depot, Marine x2  
  80  6:54  Medivac, Supply Depot, Marauder x2  
  86  6:57  Medivac  
  90  7:31  Marine  
  90  7:32  Marine, Marauder x2  
  96  7:39  Barracks Reactor, SCV x2, Barracks Tech Lab  
  98  7:49  Marine x2  
  99  7:53  Marauder x2  
  99  7:57  Medivac x2  
  99  7:58  Factory Tech Lab  
  107  8:00  Barracks  
  107  8:04  Barracks, SCV x2, Orbital Command  
  107  8:05  Barracks  
  109  8:07  Marine x2  
  113  8:12  Marauder  
  113  8:14  Marauder  
  113  8:15  Marauder  
  113  8:16  Marine x2  
  119  8:25  Marine  
  120  8:29  Marine  
  123  8:34  Marine x2, Marauder  
  123  8:36  Marauder x2  
  124  8:43  Marine  
  124  8:47  Marine  
  124  8:52  Marine x2  
  122  8:56  Marauder  
  122  9:00  Marine, Marauder  
  122  9:01  Marauder  
  124  9:05  Marine  
  109  9:10  Marine x2  
  109  9:15  Barracks Tech Lab  
  109  9:16  Barracks Tech Lab x2  
  98  9:17  Medivac x2, Marauder  
  98  9:20  SCV x2  
  98  9:21  Marauder  
  98  9:23  Marauder  
  110  9:27  Armory, Engineering Bay  
  110  9:31  Marine x3  
Show
View Real Time Build Order
Export as new Build Order

Cantstopme Zerg 

Build Orders: Hatch First 

Get SALT Encoding   

  12  0:03  Drone  
  13  0:12  Drone  
  14  0:22  Overlord  
  14  0:42  Drone x3  
  17  0:55  Hatchery  
  16  1:09  Extractor  
  15  1:20  Drone x3  
  15  1:25  Spawning Pool  
  17  1:44  Drone x2  
  19  2:01  Drone  
  20  2:14  Queen  
  20  2:15  Queen  
  24  2:16  Metabolic Boost  
  24  2:21  Evolution Chamber  
  24  2:22  Drone x3  
  26  2:36  Zergling x2  
  26  2:37  Zergling x2  
  28  2:54  Zerg Melee Weapons Level 1  
  28  3:13  Overlord  
  28  3:19  Overlord x2  
  28  3:27  Baneling Nest, Hatchery  
  28  3:29  Drone x2  
  28  3:39  Drone x4  
  28  3:40  Drone  
  33  3:56  Zergling x2  
  33  3:57  Zergling x6  
  37  4:05  Zergling x4  
  37  4:06  Zergling x8  
  38  4:23  Zergling x4  
  36  4:27  Drone  
  36  4:30  Drone  
  24  5:34  Zergling x14  
  24  5:35  Drone x2, Zergling x2  
  27  5:36  Drone x3  
  31  5:43  Queen  
  31  5:47  Spore Crawler  
  31  5:48  Queen  
  31  6:00  Roach Warren  
  30  6:07  Drone x3  
  33  6:12  Drone x2  
  35  6:22  Queen  
  35  6:24  Drone  
  32  6:45  Roach x3  
  32  6:46  Roach x2  
  42  6:49  Drone x2  
  44  7:07  Zergling x4  
  44  7:08  Zergling x12  
  51  7:10  Ravager  
  51  7:11  Ravager  
  51  7:12  Ravager x2  
  51  7:15  Overlord  
  56  7:24  Overlord x2  
  56  7:36  Drone x5  
  61  7:51  Zergling x2  
  61  7:52  Zergling x14  
  66  8:03  Drone x5  
  66  8:04  Drone  
  72  8:13  Overlord x2  
  72  8:16  Extractor x2  
  70  8:20  Extractor  
  69  8:33  Drone x3  
  73  8:34  Drone x3  
  73  8:35  Lair  
  48  9:10  Drone x5  
  48  9:11  Drone x4  
  57  9:19  Drone x4  
  57  9:20  Drone x4  
  57  9:21  Roach x3  
  71  9:37  Spire  
  70  9:41  Extractor x2  
Tags
 
Add a new tag
Caveats
  • Supply blocks, unpowered buildings, or Contaminate may cause inaccurate times.
  • Supply counts are checked every 10 seconds.